 Dungeon Crawl Stone Soup version 0.27.1-3-gb3d3a73c9e (webtiles) character file.

Game seed: 5701374376597508582

16006 belegose the Fighter (level 12, -15/94 HPs)
             Began as a Mummy Abyssal Knight on Oct 29, 2021.
             Was a High Priest of Lugonu.
             Demolished by a two-headed ogre (19 damage)
             ... on level 1 of the Orcish Mines.
             The game lasted 00:51:08 (14157 turns).

belegose the Fighter (Mummy Abyssal Knight)        Turns: 14157, Time: 00:51:09

Health: -15/94     AC: 11    Str: 15    XL:     12   Next: 6%
Magic:  17/21      EV: 10    Int: 15    God:    Lugonu [*****.]
Gold:   898        SH:  9    Dex: 13    Spells: 20/23 levels left

rFire    . . .     SeeInvis .   a - +2 spear (venom)
rCold    . . .     Faith    .   k - +0 kite shield
rNeg     + + +     Spirit   .   H - +0 troll leather armour
rPois    ∞         Reflect  .   G - +2 hat
rElec    .         Harm     .   F - +0 cloak {Will+}
rCorr    .         Rampage  .   w - +0 pair of gloves
Will     ++...                  E - +2 pair of boots
Stlth    +.........             f - amulet of regeneration
HPRegen  2.25/turn              t - ring of fire
MPRegen  0.17/turn              (no ring)

@: no status effects
A: cold resistance 1, negative energy resistance 3, torment resistance 2, heat
vulnerability 1, no potions
a: Renounce Religion, Depart the Abyss, Bend Space, Banish, Corrupt, Enter the
Abyss


You were on level 1 of the Orcish Mines.
You worshipped Lugonu.
Lugonu was extremely pleased with you.
You visited 3 branches of the dungeon, and saw 14 of its levels.
You visited the Abyss 1 time.
You also visited: Bailey.

You collected 1258 gold pieces.
You spent 360 gold pieces at shops.

Inventory:

Hand Weapons
 a - a +2 spear of venom (weapon)
 b - a +4 trident of electrocution
 J - a +7 quarterstaff of pain
 K - a +1 hand axe of flaming
 L - a +0 vorpal hand crossbow
Missiles
 c - 250 stones
 p - 20 boomerangs
 q - 78 poisoned darts (quivered)
 v - 3 throwing nets
 z - 2 curare-tipped darts
Armour
 k - a +0 kite shield (worn)
 w - a +0 pair of gloves (worn)
 x - +0 steam dragon scales
 E - a +2 pair of boots (worn)
 F - a +0 cloak of willpower (worn)
 G - a +2 hat (worn)
 H - a +0 troll leather armour (worn)
 I - a +1 plate armour of fire resistance
Magical Staves
 e - a staff of air
 o - a staff of fire
Jewellery
 f - an amulet of regeneration (around neck)
 t - a ring of fire (left hand)
 y - an amulet of reflection
Wands
 d - a wand of paralysis (8)
 n - a wand of digging (4)
 u - a wand of charming (8)
 A - a wand of flame (16)
 D - a wand of polymorph (12)
Scrolls
 g - a scroll of vulnerability
 h - a scroll of fear
 i - 4 scrolls of teleportation
 j - 2 scrolls of immolation
 l - a scroll of fog
 m - 3 scrolls of blinking
 r - 2 scrolls of enchant armour
 B - a scroll of amnesia
 C - a scroll of magic mapping {unknown}
Miscellaneous
 s - a tin of tremorstones (2/2)


   Skills:
 + Level 8.9 Fighting
 - Level 1.2 Short Blades
 - Level 3.0 Maces & Flails
 + Level 5.6 Polearms
 + Level 2.7 Armour
 - Level 3.0 Dodging
 - Level 5.0 Shields
 + Level 6.4 Spellcasting
 + Level 5.1 Summonings
 + Level 7.7 Invocations
 + Level 6.9 Evocations


You had 20 spell levels left.
You knew the following spells:

 Your Spells              Type           Power      Damage    Failure   Level
a - Call Canine Familiar  Summ           20%        N/A       22%         3

Your spell library contained the following spells:

 Spells                   Type           Power      Damage    Failure   Level
 Summon Small Mammal      Summ           80%        N/A       8%          1
 Summon Guardian Golem    Hex/Summ       12%        N/A       54%         3
 Corpse Rot               Necr/Air       N/A        N/A       67%         2
 Passwall                 Tmut/Erth      3%         N/A       67%         2
 Stone Arrow              Conj/Erth      8%         3d7       88%         3
 Swiftness                Air            4%         N/A       88%         3
 Dispel Undead            Necr           4%         3d7       99%         4
 Bolt of Magma            Conj/Fire/Erth 3%         4d5       100%        5
 Death Channel            Necr           2%         N/A       100%        6
 Invisibility             Hex            2%         N/A       100%        6
 Shatter                  Erth           2%         3d6*      100%        9


Dungeon Overview and Level Annotations

Branches:
Dungeon (11/15)            Temple (1/1) D:4            Lair (0/6) D:11
    Orc (2/2) D:10            Elf (0/3) Orc:2        Bailey (visited)

Altars:
Elyvilon
Fedhas
Gozag
Hepliaklqana
Kikubaaqudgha
Nemelex Xobeh
Okawaru
Ru
Sif Muna
Trog
Uskayaw
Vehumet
Zin
The Shining One
Beogh

Shops:
D:9 [   D:10 (

Annotations:
D:3 1 runed translucent door, exclusion: door, Crazy Yiuf
D:4 2 runed translucent doors, exclusion: 2 doors, Ekaitz's ghost, amateur DsFE
D:9 exclusion: oklob plant


Innate Abilities, Weirdness & Mutations

You are immune to poison.
Your flesh is cold resistant. (rC+)
You are immune to negative energy. (rN+++)
You are immune to unholy pain and torment.
You are vulnerable to heat. (rF-)
You do not drink.


Message History

An ogre mage comes into view. It is wielding a +0 whip.
You hit the two-headed ogre but do no damage.
The two-headed ogre is poisoned.
The two-headed ogre is lightly wounded.
The two-headed ogre misses you.
The two-headed ogre hits you with a +0 giant club!
The ogre mage gestures at the two-headed ogre while chanting.
The two-headed ogre seems to speed up.
You block the two-headed ogre's attack. The two-headed ogre barely misses you.
The two-headed ogre hits you with a +0 giant spiked club.
The two-headed ogre hits you with a +0 giant club!
There is a stone staircase leading up here.
You block the two-headed ogre's attack.
The two-headed ogre hits you with a +0 giant club.
You climb upwards.
There is a stone staircase leading down here.
You hit the two-headed ogre.
The two-headed ogre looks even sicker.
The two-headed ogre is moderately wounded.
You block the two-headed ogre's attack.
The two-headed ogre hits you with a +0 giant club!!
The two-headed ogre hits you with a +0 giant spiked club.
The two-headed ogre hits you but does no damage.
You hit the two-headed ogre.
The two-headed ogre looks as sick as possible!
The two-headed ogre is moderately wounded.
You block the two-headed ogre's attack.
The two-headed ogre hits you with a +0 giant club!
You hit the two-headed ogre.
The two-headed ogre looks as sick as possible!
The two-headed ogre is heavily wounded.
The two-headed ogre hits you with a +0 giant spiked club!!
* * * LOW HITPOINT WARNING * * *
The two-headed ogre hits you with a +0 giant club!!
* * * LOW HITPOINT WARNING * * *
Press: ? - help, Shift-Dir - straight line, f - two-headed ogre
Aim: a two-headed ogre, wielding a +0 giant spiked club and a +0 giant club (heavily wounded, fast, extremely poisoned, chance to affect: 72%)
The two-headed ogre struggles to resist.
The two-headed ogre misses you.
The two-headed ogre hits you with a +0 giant club!!
You die...

##...##..#.#...........#...###
#...........#...............#.
##.#......)#..).#..........#..
###......)[........)......#..
#.......##.......###....#...
#......#......#.........##..
####..............)...........
##.#..........)O...............
#.............@<...............
##.#............>..............
#...#..........)........#......
#...........................>..
##....................#.#....[.
###...................#.......
##.....).....≈≈≈≈≈≈≈.#........
##......#[[...≈#####≈.^#.....#.
##.......)>)...≈#...#≈...##....#


You could see a two-headed ogre (fast, extremely poisoned).

Vanquished Creatures
  Erolcha (Orc:1)
  A two-headed ogre (Orc:1)
  An orc knight (Orc:1)
  An orc sorcerer (Orc:2)
  6 centaur zombies
  Maurice (D:7)
  A gargoyle (D:11)
  A komodo dragon (D:10)
  2 trolls
  A hornet (D:9)
  2 wraiths (D:11)
  Grum (D:8)
  2 steam dragons
  7 vampire mosquitoes
  An acid dragon (D:9)
  A warg (D:10)
  2 water moccasins
  Duvessa (D:7)
  15 orc warriors
  An ice beast (D:6)
  A necrophage (D:8)
  A sky beast (D:6)
  10 ogres
  2 wolves (D:7)
  2 phantoms (D:5)
  5 centaurs
  3 kobold brigands
  3 gnoll sergeants
  10 bullfrogs
  2 scorpions (D:4)
  Dowan (D:7)
  5 howler monkeys
  5 wights
  2 bullfrog zombies (D:5)
  A hound (D:7)
  3 jellies
  3 bullfrog skeletons
  2 gnoll shamans
  3 centaur skeletons
  13 orc priests
  Natasha (D:3)
  2 iguanas
  14 orc wizards
  3 killer bee zombies
  A howler monkey zombie (D:8)
  22 gnolls
  A river rat (D:5)
  10 adders
  4 ufetubi
  46 orcs
  8 ball pythons
  7 bats
  6 endoplasms
  5 giant cockroaches
  10 goblins
  10 hobgoblins
  3 jackals (D:1)
  7 quokkas
  15 frilled lizards
  20 kobolds
  7 rats
328 creatures vanquished.

Vanquished Creatures (others)
  A wizard (D:9)
  13 plants
  20 toadstools (D:9)
34 creatures vanquished.

Grand Total: 362 creatures vanquished

Notes
Turn   | Place    | Note
-------+----------+-------------------------------------------
     0 | Abyss:1  | belegose the Mummy Abyssal Knight began the quest for the
                  | Orb.
     0 | Abyss:1  | Reached XP level 1. HP: 18/18 MP: 2/2
    10 | Abyss:1  | Found a corrupted altar of Lugonu.
    96 | Abyss:3  | Noticed an apocalypse crab
   100 | D:1      | Escaped the Abyss
   238 | D:1      | Found a faded altar of an unknown god.
   269 | D:1      | Reached * piety under Lugonu
   270 | D:1      | Reached XP level 2. HP: 24/24 MP: 3/3
   541 | D:1      | Reached XP level 3. HP: 29/29 MP: 4/4
   553 | D:1      | Reached skill level 1 in Evocations
  1099 | D:2      | Reached ** piety under Lugonu
  1503 | D:3      | Reached XP level 4. HP: 35/35 MP: 5/5
  1768 | D:3      | Noticed Natasha
  1783 | D:3      | Killed Natasha
  1792 | D:3      | Reached skill level 1 in Shields
  1907 | D:3      | Found a runed translucent door.
  1908 | D:3      | Noticed Crazy Yiuf
  2109 | D:3      | Reached XP level 5. HP: 32/42 MP: 6/6
  2519 | D:4      | Reached *** piety under Lugonu
  2520 | D:4      | Reached skill level 4 in Fighting
  2550 | D:4      | Found a staircase to the Ecumenical Temple.
  2563 | Temple   | Entered the Ecumenical Temple
  2596 | D:4      | Reached XP level 6. HP: 44/48 MP: 8/8
  2627 | D:4      | Found a runed translucent door.
  2628 | D:4      | Noticed Ekaitz's ghost (amateur DsFE)
  2677 | D:4      | Found a runed translucent door.
  3376 | D:5      | Entered Level 5 of the Dungeon
  3462 | D:5      | HP: 2/48 [acid (4)]
  3595 | D:5      | Reached XP level 7. HP: 26/55 MP: 9/9
  4315 | D:4      | Reached skill level 5 in Fighting
  4881 | D:5      | Reached skill level 1 in Polearms
  4881 | D:5      | Reached XP level 8. HP: 62/62 MP: 11/11
  4955 | D:5      | Reached **** piety under Lugonu
  5941 | D:6      | Found an iron altar of Okawaru.
  6148 | D:6      | Reached skill level 5 in Invocations
  6174 | D:6      | Reached skill level 6 in Fighting
  6541 | D:6      | Learned a level 3 spell: Call Canine Familiar
  6542 | D:7      | Noticed Duvessa
  6542 | D:7      | Noticed Dowan
  6557 | D:6      | Reached XP level 9. HP: 64/69 MP: 12/12
  6794 | D:6      | Reached skill level 1 in Summonings
  6843 | D:7      | Killed Duvessa
  6984 | D:7      | Killed Dowan
  7044 | D:7      | Found a radiant altar of Vehumet.
  7175 | D:7      | Reached skill level 1 in Short Blades
  7411 | D:7      | Reached skill level 5 in Evocations
  7715 | D:8      | Noticed Maurice
  7744 | D:7      | Reached skill level 1 in Spellcasting
  7768 | D:7      | Killed Maurice
  7769 | D:7      | Reached skill level 7 in Fighting
  7769 | D:7      | Reached skill level 5 in Shields
  7908 | D:8      | Found a sacrificial altar of Ru.
  8010 | D:8      | Noticed Grum
  8014 | D:8      | Reached XP level 10. HP: 71/79 MP: 14/14
  8099 | D:8      | Killed Grum
  8100 | D:8      | Reached skill level 1 in Dodging
  8421 | D:8      | Found a shimmering blue altar of Sif Muna.
  8976 | D:9      | Found a bloodstained altar of Trog.
  9057 | D:9      | Found Weiloi's Antique Armour Shop.
  9475 | D:9      | Reached ***** piety under Lugonu
  9562 | D:9      | Bought a pair of embroidered boots for 180 gold pieces
  9562 | D:9      | Bought a runed cloak for 180 gold pieces
  9643 | D:9      | Noticed a wizard
  9647 | D:9      | Killed a wizard
  9884 | D:9      | Found a blossoming altar of Fedhas.
  9897 | D:9      | Noticed an oklob plant
 10072 | D:10     | Entered Level 10 of the Dungeon
 10245 | D:10     | Found Enytius's Weapon Shop.
 10326 | D:10     | Found a staircase to the Orcish Mines.
 10454 | D:10     | Found a hazy altar of Hepliaklqana.
 10470 | D:10     | Found a large runed translucent door.
 10470 | D:10     | Found a large runed translucent door.
 10470 | D:10     | Noticed a two-headed ogre
 10562 | D:10     | Found a sparkling altar of Nemelex Xobeh.
 10568 | D:10     | Found an opulent altar of Gozag.
 10573 | D:10     | Found a hide-covered altar of Uskayaw.
 11030 | D:10     | Found an ancient bone altar of Kikubaaqudgha.
 11053 | D:10     | Banished a two-headed ogre
 11054 | D:10     | Reached XP level 11. HP: 86/86 MP: 8/17
 11458 | D:11     | Noticed a seven-headed hydra
 11467 | D:11     | Banished a seven-headed hydra
 11468 | D:11     | Reached skill level 8 in Fighting
 11540 | D:11     | Found a staircase to the Lair.
 11571 | D:11     | Reached skill level 5 in Spellcasting
 11714 | D:11     | Reached skill level 5 in Polearms
 12349 | Orc:1    | Entered Level 1 of the Orcish Mines
 12752 | Orc:1    | Found a flagged portal.
 12758 | Bailey   | Entered a bailey
 12946 | Bailey   | Found a bloodstained altar of Trog.
 13153 | Orc:1    | Noticed Erolcha
 13171 | Orc:1    | Killed Erolcha
 13366 | Orc:2    | Entered Level 2 of the Orcish Mines
 13372 | Orc:2    | Noticed an orc knight
 13372 | Orc:2    | Found a staircase to the Elven Halls.
 13524 | Orc:1    | Killed an orc knight
 13525 | Orc:1    | Reached skill level 5 in Summonings
 13714 | Orc:2    | Noticed an orc sorcerer
 13737 | Orc:2    | Killed an orc sorcerer
 13849 | Orc:2    | Noticed a two-headed ogre
 13897 | Orc:1    | Killed a two-headed ogre
 13898 | Orc:1    | Reached XP level 12. HP: 94/94 MP: 21/21
 14135 | Orc:2    | Noticed a two-headed ogre
 14142 | Orc:2    | Noticed an ogre mage
 14156 | Orc:1    | HP: 2/94 [two-headed ogre (24)]
 14157 | Orc:1    | Demolished by a two-headed ogre

Illustrated notes

Levels and vault maps discovered:
D:1:      psy_arrival_fountain, layout_rooms,
          chequers_ecumenical_altar_simple_redux
D:2:      layout_basic, basic_altar
D:3:      layout_basic, minmay_lizard_king, uniq_natasha,
          uniq_crazy_yiuf_cottage
D:4:      layout_gridville, minmay_temple_entry_large_hall,
          ebering_ghost_sewer_f
D:5:      layout_layer_cave, gup_sewer_entry_spiral, kennysheep_generic_room_12
D:6:      layout_loops_ring, okawaru_trees_2, serial_park_tiny_1,
          chequers_mini_garden
D:7:      cheibrodos_helix_gallery, layout_basic, vehumet_altar_wand_db,
          elyvilon_altar_5, uniq_duvessa
D:8:      layout_cave_pools, nicolae_ru_sacrificial_ziggurat,
          mainiacjoe_overflow_concentric_impassable, serial_park,
          serial_park_tiny_pond, serial_park_square3
          [serial_park_minivault_5x5_5], serial_park_gazebo
          [serial_park_minivault_5x5_8], serial_park_tiny_1, uniq_grum,
          uniq_maurice
D:9:      layout_stronghold, trog_wizard, tgw_fedhas, serial_shops,
          nicolae_shop_trees
D:10:     layout_small_grid, mainiacjoe_overflow_alcove_4,
          minmay_overflow_temple_star_quad, jmf_multi_god_temple2, orc_david_3
D:11:     layout_loops_ring, lair_entry_dummy, chequers_garden
Temple:   jpeg_temple_island
Orc:1:    layout_caves, enter_bailey_3, basic_altar, uniq_erolcha
Orc:2:    st_orc_ogre_mass, layout_caves

Skill      XL: |  1  2  3  4  5  6  7  8  9 10 11 |
---------------+----------------------------------+-----
Invocations    | 2 3 4 5 6 7 |  7.7
Maces & Flails | 2 3 |  3.0
Evocations     | 1 2 3 4 5 6 |  6.9
Shields        | 1 2 3 4 5 |  5.0
Fighting       | 4 5 6 7 8 |  8.9
Polearms       | 1 2 3 4 5 |  5.6
Summonings     | 2 3 5 |  5.1
Short Blades   | 1 |  1.2
Spellcasting   | 1 4 6 |  6.4
Dodging        | 3 |  3.0
Armour         | 2 |  2.7

Action                   |  1- 3 |  4- 6 |  7- 9 | 10-12 || total
-------------------------+-------+-------+-------+-------++-------
Melee: Mace              |   136 |   234 |    56 |       ||   426
       Spear             |       |       |   411 |   484 ||   895
       Trident           |       |       |    50 |   262 ||   312
       Short sword       |       |       |    33 |       ||    33
       Staff             |       |       |     2 |       ||     2
Throw: Dart              |       |       |    35 |    53 ||    88
       Boomerang         |       |       |    11 |       ||    11
Invok: Depart the Abyss  |     1 |       |       |       ||     1
       Banish            |       |       |       |     6 ||     6
Evoke: Wand              |       |     2 |     5 |     5 ||    12
  Use: Scroll            |       |       |     9 |     1 ||    10
 Stab: Paralysed         |       |     3 |     4 |     4 ||    11
Armor: Leather armour    |    20 |       |       |       ||    20
       Scale mail        |    68 |   150 |    66 |       ||   284
       Steam dragon scal |       |       |   104 |   281 ||   385
       Troll leather arm |       |       |       |   109 ||   109
Dodge: Dodged            |    83 |    72 |   200 |   367 ||   722
Block: Kite shield       |    22 |   119 |   305 |   441 ||   887
